 Dungeon Crawl Stone Soup version 0.25.1-2-g60ff931df9 (webtiles) character file.

Game seed: 15547820434973318172

1408 Impeuri the Covert (level 8, -7/40 HPs)
             Began as a Vine Stalker Assassin on Aug 20, 2020.
             Mangled by a killer bee (8 damage)
             ... on level 6 of the Dungeon.
             The game lasted 00:10:03 (4284 turns).

Impeuri the Covert (Vine Stalker Assassin)          Turns: 4284, Time: 00:10:04

Health: -7/40      AC:  4    Str: 14    XL:     8   Next: 70%
Magic:  0/9        EV: 13    Int: 11    God:
Gold:   265        SH:  0    Dex: 18    Spells: 7/7 levels left

rFire    . . .     SeeInvis .   v - +1 short sword (venom)
rCold    . . .     Gourm    .   (no shield)
rNeg     . . .     Faith    .   b - +0 robe
rPois    .         Spirit   +   F - +0 helmet
rElec    .         Reflect  .   J - -1 cloak (curse)
rCorr    .         Harm     .   q - +0 pair of gloves
MR       +....                  (no boots)
Stlth    ++++......             u - amulet of the acrobat
HPRegen  0.53/turn              (no ring)
MPRegen  0.11/turn              (no ring)

@: flying
A: fangs 3, regeneration 1, magic shield, antimagic bite, no potion heal 3, rot
immunity
a: no special abilities


You were on level 6 of the Dungeon.
You were not hungry.

You visited 1 branch of the dungeon, and saw 6 of its levels.

You collected 265 gold pieces.

Inventory:

Hand Weapons
 a - a +2 dagger
 v - a +1 short sword of venom (weapon)
Missiles
 d - 21 poisoned darts
 e - a curare-tipped dart
 r - 5 atropa-tipped darts (quivered)
 C - 11 javelins
 E - 4 silver javelins
Armour
 b - a +0 robe (worn)
 c - a +0 cloak
 q - a +0 pair of gloves (worn)
 F - a +0 helmet (worn)
 J - a cursed -1 cloak (worn)
Jewellery
 u - an amulet of the acrobat (around neck)
 H - a +4 ring of evasion {unknown}
Wands
 I - a wand of acid (7)
Scrolls
 i - 2 scrolls of random uselessness {unknown}
 j - 4 scrolls of identify
 k - 3 scrolls of enchant armour {unknown}
 l - 3 scrolls of teleportation {unknown}
 m - 5 scrolls of remove curse {unknown}
 n - 2 scrolls of enchant weapon {unknown}
 o - 2 scrolls of amnesia {unknown}
 y - a scroll of fog {unknown}
 z - a scroll of blinking {unknown}
 B - a scroll of immolation {unknown}
Potions
 g - a potion of flight
 h - 3 potions of curing
 p - a potion of resistance {unknown}
 s - a potion of ambrosia {unknown}
 t - a potion of heal wounds {unknown}
 w - 2 potions of stabbing {unknown}
 x - a potion of lignification {unknown}
 D - 2 potions of brilliance {unknown}
 G - a potion of might
Comestibles
 f - 10 rations
 A - 3 chunks of flesh


   Skills:
 + Level 3.4 Fighting
 + Level 5.1 Short Blades
 + Level 5.1 Throwing
 + Level 2.7 Dodging
 + Level 8.5 Stealth


You had 7 spell levels left.
You didn't know any spells.
Your spell library was empty.

Dungeon Overview and Level Annotations

Branches:
Dungeon (6/15)
 Temple: D:4-7

Altars:
Ashenzari
Fedhas
Makhleb
Nemelex Xobeh
Yredelemnul
Zin


Innate Abilities, Weirdness & Mutations

You have razor-sharp teeth.
Your natural rate of healing is unusually fast.
When hurt, damage is shared between your health and your magic reserves.
Your bite disrupts and absorbs the magic of your enemies.
Potions cannot restore your health.
You are immune to rotting.


Message History

It was a potion of curing.
Your system rejects the healing.
You feel better. The killer bee closely misses you.
The killer bee barely misses you. The killer bee closely misses you.
The killer bee misses you.
It was a potion of flight.
You feel very buoyant.
You fly up into the air.
The killer bee stings you!
* * * LOW HITPOINT WARNING * * *
The killer bee misses you. The killer bee stings you.
* * * LOW HITPOINT WARNING * * *
You are poisoned.
The killer bee poisons you! The killer bee misses you.
The killer bee stings you.
* * * LOW HITPOINT WARNING * * *
The killer bee closely misses you.
Your system rejects the healing.
You feel better.
The killer bee stings you but does no damage.
The killer bee stings you.
* * * LOW HITPOINT WARNING * * *
The killer bee barely misses you. The killer bee stings you!
You die...

####### #####.....####
.##.........^..#
#......yy......#
#......@ys.....# ..
#......##o.....# ...
###...#######...######... .
...... .................
#.####...#######...#........
............................
.....## ##...###...#.......#
......<##.).....####.........
........).%.....# #Z..##....


You could see a scorpion, 3 killer bees and an orc.

Vanquished Creatures
  Prince Ribbit (D:5)
  An orc warrior (D:6)
  3 ogres
  A centaur (D:4)
  Blork the orc (D:5)
  A bullfrog (D:6)
  A wyvern zombie (D:5)
  A bullfrog zombie (D:6)
  A crimson imp (D:5)
  A bullfrog skeleton (D:5)
  2 hounds
  3 centaur skeletons
  A jelly (D:6)
  An iguana (D:5)
  Robin (D:4)
  14 gnolls
  4 adders
  2 oozes
  6 worms
  2 dart slugs (D:1)
  5 leopard geckos
  7 orcs
  8 bats
  3 giant cockroaches (D:1)
  17 goblins
  4 hobgoblins
  4 jackals (D:4)
  A quokka (D:4)
  4 frilled lizards
  5 kobolds
  A leopard gecko skeleton (D:4)
  3 rats
  A spectral orc (D:2)
111 creatures vanquished.

Notes
Turn   | Place    | Note
-------+----------+-------------------------------------------
     0 | D:1      | Impeuri the Vine Stalker Assassin began the quest for the
                  | Orb.
     0 | D:1      | Reached XP level 1. HP: 11/11 MP: 2/2
   197 | D:1      | Reached skill level 5 in Stealth
   219 | D:1      | Reached XP level 2. HP: 14/15 MP: 3/3
   736 | D:1      | Reached XP level 3. HP: 17/18 MP: 4/4
   963 | D:2      | Found a blossoming altar of Fedhas.
  1294 | D:2      | Found a faded altar of an unknown god.
  1326 | D:2      | You fall into a shaft and drop 1 floor!
  1465 | D:2      | Found a burning altar of Makhleb.
  1570 | D:2      | Found a basalt altar of Yredelemnul.
  2054 | D:3      | Gained mutation: Your natural rate of healing is unusually
                  | fast. [Vine Stalker growth]
  2054 | D:3      | Reached XP level 4. HP: 15/23 MP: 3/5
  2374 | D:4      | HP: 1/23 [worm (8)]
  2438 | D:4      | Noticed an ogre
  2455 | D:4      | Reached skill level 6 in Stealth
  2455 | D:4      | Reached XP level 5. HP: 21/26 MP: 6/6
  2461 | D:4      | Killed an ogre
  2482 | D:4      | Reached XP level 6. HP: 28/30 MP: 5/7
  2886 | D:4      | Reached skill level 7 in Stealth
  2886 | D:4      | Reached XP level 7. HP: 27/34 MP: 8/8
  3064 | D:4      | Reached skill level 1 in Dodging
  3088 | D:4      | Found a glowing silver altar of Zin.
  3123 | D:4      | Noticed Robin
  3170 | D:4      | Killed Robin
  3324 | D:5      | Entered Level 5 of the Dungeon
  3337 | D:5      | Noticed Prince Ribbit
  3348 | D:5      | Killed Prince Ribbit
  3367 | D:5      | Found a sparkling altar of Nemelex Xobeh.
  3589 | D:5      | Found a shattered altar of Ashenzari.
  3672 | D:5      | Noticed Blork the orc
  3674 | D:5      | Killed Blork the orc
  3674 | D:5      | Gained mutation: You have razor-sharp teeth. [Vine Stalker
                  | growth]
  3674 | D:5      | Reached XP level 8. HP: 39/39 MP: 9/9
  3709 | D:5      | Reached skill level 8 in Stealth
  4068 | D:6      | Reached skill level 5 in Throwing
  4076 | D:6      | Reached skill level 5 in Short Blades
  4283 | D:6      | HP: 2/40 [killer bee (1)]
  4284 | D:6      | Mangled by a killer bee

Illustrated notes

Levels and vault maps discovered:
D:1:      grunt_arrival_crossed_arrows, layout_basic
D:2:      layout_rooms, lightli_temple_of_fire, lemuel_doored_altar,
          yredelemnul_forgotten_temple_becter, chequers_ecumenical_altar_grove
D:3:      layout_basic
D:4:      layout_rooms, zin_scriptorium, serial_rivers,
          chequers_serial_rivers_micro_c, chequers_serial_rivers_micro_d,
          chequers_serial_rivers_micro_b, chequers_serial_rivers_micro_d,
          chequers_serial_rivers_micro_e, chequers_serial_rivers_room_a,
          uniq_robin
D:5:      layout_basic, marbit_many_paths, nicolae_overflow_crystal_walls,
          first_ration, kennysheep_dice, uniq_blork_the_orc, uniq_prince_ribbit1
D:6:      layout_basic, uniq_pikel

Skill      XL: |  1  2  3  4  5  6  7  8 |
---------------+-------------------------+-----
Throwing       | 2 3 4 5 |  5.1
Stealth        | 5 6 7 8 |  8.5
Short Blades   | 2 3 4 5 |  5.1
Dodging        | 1 2 |  2.7
Fighting       | 2 3 |  3.4

Action                   |  1- 3 |  4- 6 |  7- 9 || total
-------------------------+-------+-------+-------++-------
Melee: Dagger            |    62 |       |       ||    62
       Bite              |    27 |    28 |    42 ||    97
       Short sword       |    31 |    79 |   121 ||   231
Throw: Dart              |     9 |    26 |     7 ||    42
  Use: Scroll            |     1 |       |       ||     1
       Potion            |       |       |     3 ||     3
 Stab: Sleeping          |    11 |     4 |     8 ||    23
       Distracted        |     1 |     1 |       ||     2
  Eat: Chunk             |     2 |     4 |     5 ||    11
Armor: Robe              |    15 |     9 |    22 ||    46
Dodge: Dodged            |    35 |    37 |   112 ||   184
